 Dungeon Crawl Stone Soup version 0.27-a0-1597-ge58577e147 (webtiles) character file.

Game seed: 2434765551218663830

833 Blejac999 the Conjurer (level 7, -3/51 HPs)
             Began as a Gnoll Conjurer on July 21, 2021.
             Slain by a small abomination (18 damage)
             ... on level 5 of the Dungeon.
             The game lasted 00:14:13 (5698 turns).

Blejac999 the Conjurer (Gnoll Conjurer)             Turns: 5698, Time: 00:14:14

Health: -3/51      AC:  3    Str:  6    XL:     7   Next: 98%
Magic:  0/15       EV: 13    Int: 20    God:
Gold:   157        SH:  0    Dex: 10    Spells: 6/17 levels left

rFire    . . .     SeeInvis .   g - +3 flail (protect)
rCold    . . .     Faith    .   (no shield)
rNeg     . . .     Spirit   .   a - +1 robe
rPois    .         Reflect  .   (no helmet)
rElec    .         Harm     .   (no cloak)
rCorr    .         Rampage  .   (no gloves)
Will     .....                  (no boots)
Stlth    +++.......             (no amulet)
HPRegen  0.17/turn              p - ring of wizardry
MPRegen  0.14/turn              c - ring of wizardry

@: no status effects
A: fangs 1, strong nose, distributed training
a: no special abilities


You were on level 5 of the Dungeon.
You visited 1 branch of the dungeon, and saw 5 of its levels.

You collected 157 gold pieces.

Inventory:

Hand Weapons
 g - a +3 flail of protection (weapon)
Armour
 a - a +1 robe (worn)
Jewellery
 b - a +4 ring of protection
 c - a ring of wizardry (right hand)
 k - a +4 ring of evasion
 l - a +6 ring of intelligence
 p - a ring of wizardry (left hand)
Scrolls
 j - a scroll of magic mapping
 n - 3 scrolls of identify {unknown}
 o - a scroll of fear
 q - a scroll of enchant weapon
Potions
 d - 3 potions of flight {unknown}
 e - a potion of curing
 f - a potion of degeneration {unknown}
 h - a potion of haste {unknown}
 i - 2 potions of magic
 m - 2 potions of brilliance {unknown}


   Skills:
 + Level 2.8 Fighting
 + Level 2.8 Short Blades
 + Level 2.8 Long Blades
 + Level 2.8 Axes
 + Level 2.8 Maces & Flails
 + Level 2.8 Polearms
 + Level 2.8 Staves
 + Level 2.8 Slings
 + Level 2.8 Bows
 + Level 2.8 Crossbows
 + Level 2.8 Throwing
 + Level 2.8 Armour
 + Level 5.4 Dodging
 + Level 5.1 Stealth
 + Level 2.8 Shields
 + Level 2.8 Unarmed Combat
 + Level 5.8 Spellcasting
 + Level 7.5 Conjurations
 + Level 2.3 Hexes
 + Level 2.3 Summonings
 + Level 2.3 Necromancy
 + Level 2.3 Translocations
 + Level 2.3 Transmutations
 + Level 2.3 Fire Magic
 + Level 2.3 Ice Magic
 + Level 2.3 Air Magic
 + Level 2.3 Earth Magic
 + Level 2.3 Poison Magic
 + Level 3.1 Invocations
 + Level 2.8 Evocations


You had 6 spell levels left.
You knew the following spells:

 Your Spells              Type           Power      Damage    Failure   Level
a - Magic Dart            Conj           100%       1d8       1%          1
b - Searing Ray           Conj           70%        3d5       1%          2
c - Fulminant Prism       Conj/Hex       12%        3d9       4%          4
d - Iskenderun's Mystic   Conj/Tloc      25%        2d7       4%          4

Your spell library contained the following spells:

 Spells                   Type           Power      Damage    Failure   Level
 Animate Skeleton         Necr           30%        N/A       1%          1
 Dazzling Flash           Conj/Hex       50%        N/A       1%          3
 Frozen Ramparts          Ice            30%        1d5       3%          3
 Ice Form                 Ice/Tmut       15%        N/A       11%         4
 Summon Ice Beast         Ice/Summ       15%        N/A       11%         4
 Death Channel            Necr           7%         N/A       80%         6
 Shadow Creatures         Summ           N/A        N/A       80%         6


Dungeon Overview and Level Annotations

Branches:
Dungeon (5/15)
 Temple: D:4-7

Altars:
Fedhas
Gozag
Hepliaklqana
Okawaru
Qazlal
Ru
Sif Muna
Zin

Portals:
Abyss: D:5

Annotations:
D:5 cirn0's ghost, novice HuCj


Innate Abilities, Weirdness & Mutations

You have very sharp teeth.
Your uncanny sense of smell can sniff out nearby items.
Your experience applies equally to all skills.


Message History

(Press . to maintain the ray.)
The iron imp hits you but does no damage.
The searing ray hits the iron imp!
You kill the iron imp!
You see here a +0 flail of distortion.
Casting: Searing Ray (safe; 1% risk of failure)
Confirm with . or Enter, or press ? or * to list all spells.
Aiming: Magic Dart (safe; 1% risk of failure)
Press: ? - help, Shift-Dir - straight line, f - small abomination
Aim: a small abomination (100% to hit)
The magic dart hits the small abomination but does no damage.
There is a transporter here.
You enter the transporter and appear at another place.
The small abomination hits you!
You hit the small abomination.
Your weapon exudes an aura of protection.
The small abomination is moderately damaged.
The small abomination closely misses you.
The small abomination barely misses you.
Casting: Magic Dart (safe; 1% risk of failure)
Confirm with . or Enter, or press ? or * to list all spells.
Aiming: Searing Ray (safe; 1% risk of failure)
Press: ? - help, Shift-Dir - straight line, f/p - small abomination
Aim: a small abomination (moderately damaged, 83% to hit)
The searing ray hits the small abomination.
The small abomination is moderately damaged. (Press . to maintain the ray.)
The small abomination hits you but does no damage.
The searing ray hits the small abomination.
The small abomination is heavily damaged.
The small abomination closely misses you.
Unknown command.
Without enough magic to sustain it, your searing ray dissipates.
The small abomination hits you.
* * * LOW HITPOINT WARNING * * *
You closely miss the small abomination.
The small abomination is heavily damaged.
The small abomination barely misses you.
The small abomination hits you!!
You die...

#..##W..###...##..#..# #...##.
#....##∩###..# #...♣
#.##.###...##..#
#..♣#.##.###...###...#
###.©#...!#.©.#.©#...#.#
#....##...###.#..##..#.#
#.....♣#..#^.W).#.##...#
#......#.#..######.##..# ###
#.....##...##@.# .^.#..#####..
#.....#..###..x###.##.........
#...#.####.......###..........
###..........................<).
#......####.######.#...##.##.###
##...### #.......#.###....#..# #
###...###.......#.# ###..#.## #
###..##.......#.# ##.#.# #
##.##...)...#.######.#># #


You could see a small abomination and cirn0's ghost.

Vanquished Creatures
  A small abomination (D:5)
  A sky beast (D:5)
  An ogre (D:5)
  A water moccasin skeleton (D:4)
  A jelly (D:4)
  2 hounds
  2 orc priests
  An iron imp (D:5)
  An iguana (D:5)
  2 orc wizards
  A hound skeleton (D:4)
  A gnoll (D:5)
  6 adders
  An adder skeleton (D:4)
  A worm (D:3)
  A dart slug (D:2)
  21 orcs
  2 bats
  6 endoplasms
  5 giant cockroaches
  3 hobgoblins
  7 jackals
  3 quokkas
  3 ball pythons
  6 frilled lizards
  9 goblins
  5 kobolds
  3 rats
97 creatures vanquished.

Vanquished Creatures (collateral kills)
  An endoplasm (D:1)
1 creature vanquished.

Vanquished Creatures (others)
  3 fulminant prisms (D:5)
3 creatures vanquished.

Grand Total: 101 creatures vanquished

Notes
Turn   | Place    | Note
-------+----------+-------------------------------------------
     0 | D:1      | Blejac999 the Gnoll Conjurer began the quest for the Orb.
     0 | D:1      | Reached XP level 1. HP: 13/13 MP: 6/6
   322 | D:1      | Reached XP level 2. HP: 19/19 MP: 5/7
   349 | D:1      | Found a faded altar of an unknown god.
  1293 | D:2      | Reached XP level 3. HP: 25/25 MP: 5/9
  1365 | D:2      | HP: 1/25 [something (3)]
  1662 | D:1      | Learned a level 2 spell: Searing Ray
  1703 | D:2      | Reached skill level 5 in Spellcasting
  1772 | D:2      | Reached skill level 1 in Fighting
  1772 | D:2      | Reached skill level 1 in Short Blades
  1772 | D:2      | Reached skill level 1 in Long Blades
  1772 | D:2      | Reached skill level 1 in Axes
  1772 | D:2      | Reached skill level 1 in Maces & Flails
  1772 | D:2      | Reached skill level 1 in Polearms
  1772 | D:2      | Reached skill level 1 in Staves
  1772 | D:2      | Reached skill level 1 in Slings
  1772 | D:2      | Reached skill level 1 in Bows
  1772 | D:2      | Reached skill level 1 in Crossbows
  1772 | D:2      | Reached skill level 1 in Throwing
  1772 | D:2      | Reached skill level 1 in Armour
  1772 | D:2      | Reached skill level 1 in Shields
  1772 | D:2      | Reached skill level 1 in Unarmed Combat
  1772 | D:2      | Reached skill level 1 in Invocations
  1772 | D:2      | Reached skill level 1 in Evocations
  1860 | D:2      | Reached XP level 4. HP: 32/32 MP: 7/11
  2422 | D:2      | Learned a level 4 spell: Fulminant Prism
  2795 | D:3      | Reached skill level 1 in Hexes
  2795 | D:3      | Reached skill level 1 in Summonings
  2795 | D:3      | Reached skill level 1 in Necromancy
  2795 | D:3      | Reached skill level 1 in Translocations
  2795 | D:3      | Reached skill level 1 in Transmutations
  2795 | D:3      | Reached skill level 1 in Fire Magic
  2795 | D:3      | Reached skill level 1 in Ice Magic
  2795 | D:3      | Reached skill level 1 in Air Magic
  2795 | D:3      | Reached skill level 1 in Earth Magic
  2795 | D:3      | Reached skill level 1 in Poison Magic
  3210 | D:3      | Reached XP level 5. HP: 37/37 MP: 9/12
  3818 | D:3      | Found a hazy altar of Hepliaklqana.
  3818 | D:3      | Found a sacrificial altar of Ru.
  3825 | D:3      | Found a shimmering blue altar of Sif Muna.
  3827 | D:3      | Found a faded altar of an unknown god.
  3829 | D:3      | Found a faded altar of an unknown god.
  4026 | D:4      | Reached XP level 6. HP: 42/44 MP: 5/13
  4090 | D:4      | Reached skill level 5 in Dodging
  4204 | D:4      | Learned a level 4 spell: Iskenderun's Mystic Blast
  4274 | D:4      | Got Sif Muna's Compendium of Ghastly Slavery
  4445 | D:4      | Found an iron altar of Okawaru.
  4617 | D:4      | Found an opulent altar of Gozag.
  4852 | D:5      | Entered Level 5 of the Dungeon
  4859 | D:5      | Reached XP level 7. HP: 50/50 MP: 7/15
  4937 | D:5      | Found a blossoming altar of Fedhas.
  5027 | D:5      | Found a glowing silver altar of Zin.
  5064 | D:5      | Found a transporter.
  5163 | D:5      | Found a transporter.
  5200 | D:5      | Found a one-way gate to the infinite horrors of the Abyss.
  5200 | D:5      | Noticed cirn0's ghost (novice HuCj)
  5200 | D:5      | Noticed a small abomination
  5377 | D:5      | Found a stormy altar of Qazlal.
  5485 | D:5      | Identified the +0 spear "Coroommee" {vorpal, Str+3}
  5686 | D:5      | Killed a small abomination
  5687 | D:5      | Reached skill level 5 in Stealth
  5698 | D:5      | Slain by a small abomination

Illustrated notes

Levels and vault maps discovered:
D:1:      dpeg_arrival_tiny_i, layout_basic, hellmonk_ecumenical_altar_blasted
D:2:      layout_basic
D:3:      layout_loops_corners, chequers_temple_overflow_minitemple,
          st_stairs_1, kennysheep_generic_room_7
D:4:      layout_basic, okawaru_trees_1, mainiacjoe_overflow_catwalk
D:5:      layout_rooms, lemuel_tele_altar, mainiacjoe_overflow_boulevard,
          mainiacjoe_overflow_alcove_2, gammafunk_ghost_abyssal_escape

Skill      XL: |  1  2  3  4  5  6  7 |
---------------+----------------------+-----
Spellcasting   | 5 |  5.8
Fighting       | 1 2 |  2.8
Short Blades   | 1 2 |  2.8
Long Blades    | 1 2 |  2.8
Axes           | 1 2 |  2.8
Maces & Flails | 1 2 |  2.8
Polearms       | 1 2 |  2.8
Staves         | 1 2 |  2.8
Slings         | 1 2 |  2.8
Bows           | 1 2 |  2.8
Crossbows      | 1 2 |  2.8
Throwing       | 1 2 |  2.8
Armour         | 1 2 |  2.8
Shields        | 1 2 |  2.8
Unarmed Combat | 1 2 |  2.8
Invocations    | 1 2 3 |  3.1
Evocations     | 1 2 |  2.8
Hexes          | 1 2 |  2.3
Summonings     | 1 2 |  2.3
Necromancy     | 1 2 |  2.3
Translocations | 1 2 |  2.3
Transmutations | 1 2 |  2.3
Fire Magic     | 1 2 |  2.3
Ice Magic      | 1 2 |  2.3
Air Magic      | 1 2 |  2.3
Earth Magic    | 1 2 |  2.3
Poison Magic   | 1 2 |  2.3
Dodging        | 5 |  5.4
Stealth        | 5 |  5.1
Conjurations   | |  7.5

Action                   |  1- 3 |  4- 6 |  7- 9 || total
-------------------------+-------+-------+-------++-------
Melee: Unarmed           |    26 |    19 |       ||    45
       Bite              |     2 |     1 |       ||     3
       Flail             |       |     6 |     6 ||    12
 Cast: Magic Dart        |    50 |   106 |    26 ||   182
       Searing Ray       |       |     6 |     4 ||    10
       Fulminant Prism   |       |       |     3 ||     3
  Use: Scroll            |     3 |     5 |       ||     8
       Potion            |     2 |     1 |       ||     3
Armor: Robe              |    16 |     8 |     4 ||    28
Dodge: Dodged            |     6 |    27 |    18 ||    51

Table legend: (Time is in decaauts)
 A = Elapsed time spent in this place.
 B = Non-inter-level travel time spent in this place.
 C = Inter-level travel time spent in this place.
 D = Time resting spent in this place.
 E = Time spent auto-exploring this place.
 F = Levels seen in this place.
 G = Mean time per level.
                   A        B        C        D        E       F      G
               +--------+--------+--------+--------+--------+-----+--------+
         Total |   5699 |   5583 |    116 |   1593 |   3314 |   5 | 1139.8 |
       Dungeon |   5699 |   5583 |    116 |   1593 |   3314 |   5 | 1139.8 |
               +--------+--------+--------+--------+--------+-----+--------+

Top non-repeatable levels by time:
     D:1: 1563 daAuts
     D:3: 1363 daAuts
     D:2: 1092 daAuts
     D:5: 846 daAuts
     D:4: 834 daAuts
